 Dungeon Crawl Stone Soup version 0.29-a0-885-gb26ba3297d (webtiles) character file.

Game seed: 14154805882455261422

7 spaghetti the Charlatan (level 2, -4/23 HPs)
             Began as a Gnoll Artificer on July 19, 2022.
             Slain by a gnoll
             ... wielding a +0 club
              (6 damage)
             ... on level 1 of the Dungeon on July 20, 2022.
             The game lasted 00:01:07 (465 turns).

spaghetti the Charlatan (Gnoll Artificer)            Turns: 465, Time: 00:01:08

Health: -4/23      AC:  3    Str: 11    XL:     2   Next: 4%
Magic:  2/2        EV: 12    Int: 10    God:
Gold:   22         SH:  0    Dex: 12    Spells: 1/1 levels left

rFire   . . .      SeeInvis .   a - +0 club {mace}
rCold   . . .      Faith    .   (no shield)
rNeg    . . .      Spirit   .   b - +0 leather armour
rPois   .          Reflect  .   (no helmet)
rElec   .          Harm     .   (no cloak)
rCorr   .          Rampage  .   (no gloves)
Will    .....                   (no boots)
Stlth   ++........              (no amulet)
HPRegen 0.07/turn               (no ring)
MPRegen 0.08/turn               (no ring)

@: no status effects
A: fangs 1, strong nose, distributed training
a: no special abilities


You were on level 1 of the Dungeon.
You visited 1 branch of the dungeon, and saw 1 of its levels.

You collected 22 gold pieces.


Innate Abilities, Weirdness & Mutations

You have very sharp teeth.
Your uncanny sense of smell can sniff out nearby items.
Your experience applies equally to all skills.


   Skills:
 + Level 2.4 Fighting
 + Level 0.2 Short Blades
 + Level 0.2 Long Blades
 + Level 0.2 Axes
 + Level 0.2 Maces & Flails
 + Level 0.2 Polearms
 + Level 0.2 Staves
 + Level 0.2 Ranged Weapons
 + Level 0.2 Throwing
 + Level 4.4 Armour
 + Level 2.4 Dodging
 + Level 2.2 Stealth
 + Level 0.2 Shields
 + Level 0.2 Unarmed Combat
 + Level 0.2 Spellcasting
 + Level 0.1 Conjurations
 + Level 0.1 Hexes
 + Level 0.1 Summonings
 + Level 0.1 Necromancy
 + Level 0.1 Translocations
 + Level 0.1 Transmutations
 + Level 0.1 Fire Magic
 + Level 0.1 Ice Magic
 + Level 0.1 Air Magic
 + Level 0.1 Earth Magic
 + Level 0.1 Poison Magic
 + Level 0.3 Invocations
 + Level 6.4 Evocations


You had one spell level left.
You didn't know any spells.
Your spell library was empty.

Inventory:

Hand Weapons
 a - a +0 club (weapon) {mace}
Missiles
 j - 5 stones {throwing}
 k - 2 throwing nets {=f!fthrowing}
Armour
 b - a +0 leather armour (worn)
Magical Staves
 g - a staff of air {!astaff}
   (You found it on level 1 of the Dungeon)
Wands
 c - a wand of flame (15) (quivered)
 d - a wand of charming (15)
 e - a wand of iceblast (9)
Scrolls
 f - a scroll of identify {unknown}
 i - a scroll of torment {unknown}
Potions
 h - 2 potions of curing {unknown}

Dungeon Overview and Level Annotations

Branches:
Dungeon (1/15) Zot: 5519

Altars:

#####............
##...........# ##..#
##..##..#.######...##
........#.# ##.....##
##.)###.#.#
#.......###
#.#.##..##
#..........
#.##...######.......#
##.####.........g...#
...#############@..#
#.................##
#.................#
#####.####.######## #
#.# #.# #
#.####.#####
#.#.......)# ∆ .
#.#..⌠...⌠.# .. ##
#.#...###..#### ...


You could see a gnoll.


Message History

A goblin is nearby!
The goblin shouts!
A giant cockroach comes into view.
You hit the goblin.
You kill the goblin!
Things that are here:
a +0 dagger {short}; a goblin corpse You hit the giant cockroach.
Your bite misses the giant cockroach.
The giant cockroach closely misses you. x2
You barely miss the giant cockroach. Your bite misses the giant cockroach.
The giant cockroach bites you but does no damage.
The giant cockroach barely misses you.
You barely miss the giant cockroach. Your bite misses the giant cockroach.
The giant cockroach closely misses you.
You hit the giant cockroach but do no damage.
The giant cockroach closely misses you. The giant cockroach barely misses you.
You barely miss the giant cockroach.
The giant cockroach bites you but does no damage.
You hit the giant cockroach.
You kill the giant cockroach!
You have reached level 2! 😎 HP[+6] MP[+1]
You now have 23 max hp (+6).
Your hp is fully restored (23).
Your mp is fully restored (2).
k - 2 throwing nets {=f!fthrowing} You now have 22 gold pieces (gained 13).
Things that are here:
a +0 short sword {short}; a kobold corpse Key pressed, stopping explore.
A gnoll comes into view. It is wielding a +0 club.
The gnoll shouts!
A gnoll is nearby!
A gnoll is nearby!
The gnoll barely misses you.
You hit the gnoll but do no damage. The gnoll hits you with a +0 club.
The gnoll barely misses you. 😕 HP[-4]
You take 4 damage, and now have 19/23 hp.
You are too injured to fight recklessly!
You are too injured to fight recklessly!
You are too injured to fight recklessly!
You are too injured to fight recklessly!
You are too injured to fight recklessly!
You are too injured to fight recklessly!
You are too injured to fight recklessly!
You are too injured to fight recklessly!
You are too injured to fight recklessly!
You are too injured to fight recklessly!
You are too injured to fight recklessly!
You are too injured to fight recklessly!
You hit the gnoll. The gnoll closely misses you. 😕 HP[+1]
You closely miss the gnoll.
The gnoll hits you with a +0 club. 😮 HP[-3]
You take 3 damage, and now have 17/23 hp.
You closely miss the gnoll. The gnoll misses you. The gnoll closely misses you.
You hit the gnoll but do no damage. The gnoll barely misses you.
You hit the gnoll but do no damage. The gnoll barely misses you.
You hit the gnoll but do no damage. The gnoll barely misses you.
You hit the gnoll. The gnoll closely misses you.
The gnoll hits you with a +0 club. 😮 HP[-2]
You take 2 damage, and now have 15/23 hp.
You hit the gnoll but do no damage. Your bite misses the gnoll.
The gnoll hits you with a +0 club.
* * * LOW HITPOINT WARNING * * *
😨 HP[-5]
You take 5 damage, and now have 10/23 hp.
MASSIVE DAMAGE!! (PAUSE)
You hit the gnoll but do no damage. The gnoll hits you with a +0 club.
* * * LOW HITPOINT WARNING * * *
😱 HP[-5]
You take 5 damage, and now have 5/23 hp.
MASSIVE DAMAGE!! (PAUSE)
You hit the gnoll. The gnoll closely misses you. The gnoll barely misses you.
You barely miss the gnoll. The gnoll closely misses you.
You barely miss the gnoll. The gnoll misses you. 😨 HP[+1]
You hit the gnoll. You bite the gnoll, but do no damage.
The gnoll closely misses you.
You closely miss the gnoll. The gnoll misses you.
The gnoll hits you but does no damage.
You hit the gnoll. The gnoll hits you but does no damage.
You closely miss the gnoll. The gnoll hits you with a +0 club.
* * * LOW HITPOINT WARNING * * *
😱 HP[-4]
You take 4 damage, and now have 2/23 hp.
You hit the gnoll but do no damage. The gnoll completely misses you.
The gnoll barely misses you.
Unknown command.
Unknown command. 🤖 Initializing magus.rc ...
Options error: Delay interrupt name "hungry" not recognised. (~/.crawlrc:4761) Options error: Bad monster_list_colour key: strict_neutral (~/.crawlrc:4776) Bad channel name for runrest: 'pray:' ✅ Successfully initialized magus.rc [v1.9.6] Welcome back, spaghetti the Gnoll Artificer.
Press ? for a list of commands and other information.
You barely miss the gnoll. The gnoll hits you with a +0 club.
You die...

Action                   || total
-------------------------++-------
Melee: Club              ||    49
       Bite              ||     3
Armor: Leather armour    ||     9
Dodge: Dodged            ||    40

Levels and vault maps discovered:
D:1:      scummos_arrival_simple_fountains, layout_loops_ring,
          minmay_worlds_worst_comb

Notes
Turn   | Place    | Note
-------+----------+-------------------------------------------
     0 | D:1      | spaghetti the Gnoll Artificer began the quest for the Orb.
     0 | D:1      | Reached XP level 1. HP: 17/17 MP: 1/1
     0 | D:1      | magus.rc [v1.9.6]
   409 | D:1      | Reached XP level 2. HP: 23/23 MP: 2/2
   456 | D:1      | HP: 5/23 [gnoll/+0 club (5)]
   463 | D:1      | HP: 2/23 [gnoll/+0 club (4)]
   465 | D:1      | Upgraded the game from 0.29-a0-876-gfc89b1a5bd to
                  | 0.29-a0-885-gb26ba3297d
   465 | D:1      | magus.rc [v1.9.6]
   465 | D:1      | Slain by a gnoll

Vanquished Creatures
  2 giant cockroaches (D:1)
  2 goblins (D:1)
  A hobgoblin (D:1)
  A kobold (D:1)
6 creatures vanquished.

Table legend:
 A = Non-vault XP
 B = Vault XP
 C = Vault XP percentage of total XP
 D = Non-vault monster count
 E = Vault monster count
 F = Vault count percentage of total count
                 A         B        C        D         E       F
            +---------+---------+-------+---------+---------+-------
      Total |      11 |       0 |   0.0 |       6 |       0 |   0.0
            +---------+---------+-------+---------+---------+-------
        D:1 |      11 |       0 |   0.0 |       6 |       0 |   0.0
            +---------+---------+-------+---------+---------+-------

Illustrated notes

Table legend:
 A = Kills in this place as a percentage of kills in entire the game.
 B = Kills by you in this place as a percentage of kills by you in the entire game.
 C = Kills by friends in this place as a percentage of kills by friends in the entire game.
 D = Other kills in this place as a percentage of other kills in the entire game.
 E = Experience gained in this place as a percentage of experience gained in the entire game.
 F = Experience gained in this place divided by the number of levels of this place that you have seen.
                   A       B       C       D       E      F
               +-------+-------+-------+-------+-------+----------------------
         Total | 100.0 | 100.0 |   N/A |   N/A | 100.0 |  11.0
       Dungeon | 100.0 | 100.0 |   N/A |   N/A | 100.0 |  11.0
               +-------+-------+-------+-------+-------+----------------------

Table legend: (Time is in decaauts)
 A = Elapsed time spent in this place.
 B = Non-inter-level travel time spent in this place.
 C = Inter-level travel time spent in this place.
 D = Time resting spent in this place.
 E = Time spent auto-exploring this place.
 F = Levels seen in this place.
 G = Mean time per level.
                   A        B        C        D        E       F      G
               +--------+--------+--------+--------+--------+-----+--------+
         Total |    479 |    479 |      0 |      0 |    386 |   1 |  479.0 |
       Dungeon |    479 |    479 |      0 |      0 |    386 |   1 |  479.0 |
               +--------+--------+--------+--------+--------+-----+--------+

Top non-repeatable levels by time:
     D:1: 479 daAuts
